 Dungeon Crawl Stone Soup version 0.20.1-1-g8b1a95d (webtiles) character file.

64 Jannitor the Ducker (level 3, -2/18 HPs)
             Began as a Felid Chaos Knight on Sept 12, 2017.
             Slain by an adder (4 damage)
             ... on level 1 of the Dungeon.
             The game lasted 00:04:11 (2741 turns).

Jannitor the Ducker (Felid Chaos Knight)            Turns: 2741, Time: 00:04:11

Health: -2/18      AC:  1    Str: 11    XL:     3   Next: 91%
Magic:  3/3        EV: 19    Int: 14    God:    Xom [..*...]
Gold:   44         SH:  0    Dex: 15    Spells: 2/2 levels left
                                        Lives:  0   Deaths: 0

rFire    . . .     SeeInvis +     - Unarmed
rCold    . . .     Gourm    .   (shield unavailable)
rNeg     . . .     Faith    .   (armour unavailable)
rPois    .         Spirit   .   (helmet unavailable)
rElec    .         Reflect  .   (cloak unavailable)
rCorr    .         Harm     .   (gloves unavailable)
MR       .....     Clarity  +   (boots unavailable)
Stlth    ++........             (no amulet)
Regen    0.1/turn               (no ring)
MPRegen  0.1/turn               (no ring)

@: mighty, quick
A: no armour, no weapons or thrown items, stealth, claws 1, fangs 3, see
invisible, carnivore 3, clarity, speed 1, low mp 1, shaggy fur 1, slow
metabolism 1, weak 1, sharp paws
a: Renounce Religion


You were on level 1 of the Dungeon.
You worshipped Xom.
You were a toy of Xom.
You were completely stuffed.

You visited 1 branch of the dungeon, and saw 2 of its levels.

You collected 44 gold pieces.

Inventory:

Scrolls
 c - a scroll of remove curse {unknown}
 d - a scroll of recharging {unknown}
 e - a scroll of amnesia {unknown}
 f - 2 scrolls of identify {unknown}
 k - a scroll of enchant armour {unknown}
 l - a scroll of fear {unknown}
Potions
 g - a potion of brilliance {unknown}
 h - a potion of magic {unknown}
 j - a potion of flight {unknown}
Comestibles
 a - 2 meat rations
 i - 2 chunks of flesh


   Skills:
 + Level 3.8 Fighting
 + Level 4.1 Dodging
 + Level 3.7 Unarmed Combat


You had 2 spell levels left.
You didn't know any spells.

Dungeon Overview and Level Annotations

Branches:
Dungeon (2/15)

Altars:


Innate Abilities, Weirdness & Mutations

You cannot wear armour.
You are incapable of wielding weapons or throwing items.
Your paws allow you to move quietly. (Stealth)
You have sharp claws.
You have razor-sharp teeth.
You have supernaturally acute eyesight. (SInv)
You are carnivorous and can eat meat at any time.
You cover ground quickly.
You are covered in fur. (AC +1)
You have a slow metabolism.
Your sharp claws are effective at attacking unaware monsters.
You possess an exceptional clarity of mind.
Your magical capacity is low. (-10% MP)
You are weak. (Str -2)


Message History

You scratch the adder.
The adder is severely wounded.
The adder bites you.
You barely miss the adder.
The adder is severely wounded.
The adder bites you.
* * * LOW HITPOINT WARNING * * *
The adder completely misses you.
You closely miss the adder. You claw the adder.
The adder is almost dead.
* * * LOW HITPOINT WARNING * * *
You feel sick.
You are no longer poisoned.
The adder bites you but does no damage.
It was a potion of might.
You feel very mighty all of a sudden.
Xom roars with laughter!
The adder bites you.
You die... "I guess I need a new plaything now."

#.# #######..#...#.#### #.#
#........#####.##.# #.#
##.####.........#..# #.#
#........###..###..# #.#
#..###...# #..# #..#
###.###..# #...# #..# #..#
.........# #...# #..# #..#
#.#.###.####...###g.###..#
.....(....)....l@#.§#...§#
#.#.###.####..[#S#..#.##.##
#.#...)........#.#....5...#
.##..5.......).#.#....#####
.##...................#
.##............#.#..#.#
.##..............#..#[#
.##.........#.#..#..#.#
.##.........#.#.....#.#


You could see an adder and a frilled lizard.

Vanquished Creatures
  An adder (D:2)
  An ooze (D:1)
  2 worms
  2 leopard geckos (D:2)
  3 orcs (D:1)
  7 bats
  2 giant cockroaches (D:2)
  6 goblins
  4 hobgoblins
  A frilled lizard (D:1)
  3 kobolds (D:1)
  11 rats
43 creatures vanquished.

Notes
Turn   | Place    | Note
-------+----------+-------------------------------------------
     0 | D:1      | Jannitor the Felid Chaos Knight began the quest for the Orb.
     0 | D:1      | Reached XP level 1. HP: 10/10 MP: 2/2
    30 | D:1      | XOM: harmless Fire miscast
   203 | D:1      | Reached XP level 2. HP: 14/14 MP: 3/3
   236 | D:1      | XOM: harmless Hex miscast
   309 | D:1      | XOM: harmless Ice miscast
   602 | D:1      | XOM: 2-stop teleportation journey
   880 | D:1      | XOM: enchant monster (good)
  1236 | D:1      | XOM: mild Ice miscast
  1296 | D:1      | XOM is BORED!
  1296 | D:1      | XOM: mild Tloc miscast
  1424 | D:1      | XOM: give mutations
  1424 | D:1      | Gained mutation: You possess an exceptional clarity of mind. [Xom's mischief]
  1424 | D:1      | Gained mutation: Your magical capacity is low. (-10% MP) [Xom's mischief]
  1424 | D:1      | Gained mutation: You are weak. (Str -2) [Xom's mischief]
  1565 | D:1      | XOM: butterfly on damage
  1644 | D:1      | XOM: mild Summ miscast
  1645 | D:1      | Noticed a crimson imp
  1838 | D:2      | XOM: harmless Necr miscast
  1908 | D:1      | XOM: fake destruction
  1917 | D:1      | Reached XP level 3. HP: 12/17 MP: 3/3
  2087 | D:2      | Reached skill level 4 in Dodging
  2095 | D:2      | XOM: harmless Tloc miscast
  2741 | D:1      | Slain by an adder

Skill      XL: |  1  2  3 |
---------------+----------+-----
Dodging        | 4 |  4.1
Fighting       | |  3.8
Unarmed Combat | |  3.7

Action                   || total
-------------------------++-------
Melee: Unarmed           ||   170
       Bite              ||     8
       Punch             ||     3
  Use: Potion            ||     1
 Stab: Sleeping          ||     3
       Paralysed         ||     1
  Eat: Chunk             ||    11
Armor: Skin              ||    12
Dodge: Dodged            ||   154
